cohdb
Replays
Latest Replays
All Replays
Popular Replays
Top Player Replays
Match Explorer
How It Works
Community
CoH3 Stats
Reddit
Sign in to upload your games and track your stats! →
Sign in with Steam
Match 30513671
Unlisted
Match 30513671
Overview
Messages
Build Orders
End
Construct Barracks
Selects Airborne Battlegroup
Selects Heavy Machine Gun Paradrop
Heavy Machine Gun Paradrop
Riflemen Squad
Riflemen Squad
Grenade Package
Selects Paratrooper Squad Paradrop
Mechanized Support Center
Paratrooper Squad Paradrop
Construct Motor Pool
M8 Greyhound Armored Car
M1918 Browning Automatic Rifles
M4A1 76mm Conversion
PurpleShellCrab
Akaxiya
JeonGong
iAinEng
1917544663
北冥帝君
IISD
Ccoin
0
0
Comments
sign in to comment!
No comments posted yet!